[Event "1st 4NCL International Open"]
[Site "Telford"]
[Date "2018.11.04"]
[Round "8"]
[White "Haria, Ravi"]
[Black "Gormally, Daniel W"]
[Result "1-0"]
[ECO "B51"]
[WhiteElo "2436"]
[BlackElo "2483"]
[Annotator "ChessBase"]
[PlyCount "89"]
[EventDate "2018.10.31"]
[EventType "swiss"]
[EventCountry "GBR"]
[SourceTitle "playchess.com"]
[Source "ChessBase"]
[SourceQuality "1"]
[TimeControl "5400+30"]

1. e4 c5 2. Nf3 d6 3. Bb5+ Nc6 4. O-O Bd7 5. Re1 Nf6 6. c3 a6 7. Bc4 b5 8. Bf1 e5 9. d4 cxd4 10. cxd4 Be7 11. d5 Na7 12. a4 O-O 13. axb5 axb5 14. Nbd2 Qb8 15. Nb3 Bd8 16. h3 Nc8 17. Bd2 Ra4 18. Bd3 Bb6 19. Qe2 Ne7 20. Na5 Rc8 21. b3 Rxa1 22. Rxa1 h6 23. Ne1 Bd4 24. Ra2 Bc3 25. Nc2 Bxd2 26. Qxd2 Qb6 27. Qe3 Qc7 28. Kh2 Ng6 29. b4 Qc3 30. g3 h5 31. Ra3 Qc7 32. Rb3 h4 33. Na3 hxg3+ 34. fxg3 Qc1 35. Qxc1 Rxc1 36. Nc6 Re1 37. Nxb5 Nxe4 38. Bxe4 Rxe4 39. Nc3 Re3 40. b5 Bc8 41. b6 e4 42. Ra3 Kh7 43. Nb5 Re2+ 44. Kg1 e3 45. Nxd6 1-0

[Event "1st 4NCL International Open"]
[Site "Telford"]
[Date "2018.11.04"]
[Round "8"]
[White "Rahul Srivatshav P"]
[Black "Willow, Jonah B"]
[Result "1-0"]
[ECO "B48"]
[WhiteElo "2391"]
[BlackElo "2224"]
[Annotator "NA"]
[PlyCount "49"]
[EventDate "2018.10.31"]
[EventType "swiss"]
[EventCountry "GBR"]
[SourceTitle "playchess.com"]
[Source "ChessBase"]
[SourceQuality "1"]
[TimeControl "5400+30"]

1. e4 c5 2. Nf3 e6 3. d4 cxd4 4. Nxd4 Nc6 5. Nc3 Qc7 6. Be3 Nf6 7. f4 Bb4 8. Ndb5 Qa5 9. e5 Ne4 10. Qd3 Nxc3 11. bxc3 Be7 12. Be2 O-O 13. O-O f6 14. exf6 Bxf6 15. Rab1 d5 16. c4 Rd8 17. c5 b6 18. cxb6 axb6 19. Bf2 Ba6 20. Qh3 Bxb5 21. Rxb5 Qc3 22. Bd3 g6 23. Qxe6+ Kg7 24. Rb3 Re8 25. Qd7+ 1-0

[Event "1st 4NCL International Open"]
[Site "Telford"]
[Date "2018.11.04"]
[Round "8"]
[White "Macklin, Paul"]
[Black "Wall, Tim P"]
[Result "1/2-1/2"]
[ECO "C54"]
[WhiteElo "2361"]
[BlackElo "2248"]
[Annotator "NA"]
[PlyCount "30"]
[EventDate "2018.10.31"]
[EventType "swiss"]
[EventCountry "GBR"]
[SourceTitle "playchess.com"]
[Source "ChessBase"]
[SourceQuality "1"]
[TimeControl "5400+30"]

1. e4 e5 2. Bc4 Nf6 3. d3 Nc6 4. Nf3 Bc5 5. c3 O-O 6. Bb3 d5 7. Qe2 Be6 8. Bg5 Be7 9. Nbd2 h6 10. Bh4 a5 11. a4 Nh5 12. Bxe7 Qxe7 13. g3 Rad8 14. O-O Nf6 15. exd5 Bxd5 1/2-1/2

[Event "1st 4NCL International Open"]
[Site "Telford"]
[Date "2018.11.04"]
[Round "8"]
[White "Mihalik, Agoston"]
[Black "Ratnesan, Ranesh"]
[Result "1-0"]
[ECO "B52"]
[WhiteElo "2223"]
[BlackElo "1985"]
[Annotator "NA"]
[PlyCount "81"]
[EventDate "2018.10.31"]
[EventType "swiss"]
[EventCountry "GBR"]
[SourceTitle "playchess.com"]
[Source "ChessBase"]
[SourceQuality "1"]
[TimeControl "5400+30"]

1. e4 c5 2. Nf3 d6 3. Bb5+ Bd7 4. Bxd7+ Nxd7 5. O-O Ngf6 6. Qe2 Rc8 7. c4 g6 8. d4 cxd4 9. Nxd4 Bg7 10. Nc3 O-O 11. Be3 a6 12. Rac1 Re8 13. b3 Qa5 14. h3 Nc5 15. Bd2 Qd8 16. Nf3 Rb8 17. Bf4 Ne6 18. Bh2 Qa5 19. Nd5 Nxd5 20. cxd5 Nc5 21. e5 dxe5 22. Nxe5 Rbd8 23. Rfd1 Nd7 24. Nc4 Qb5 25. Qf3 Nf6 26. d6 e5 27. a4 Qb4 28. Nxe5 Rxd6 29. Nd3 Rxd3 30. Qxd3 b5 31. Bd6 Qe4 32. axb5 Qxd3 33. Rxd3 axb5 34. f3 Bh6 35. Rcd1 Be3+ 36. Kf1 Bb6 37. g4 Nd7 38. Rd5 Re3 39. R1d3 Rxd3 40. Rxd3 Bc5 41. Bc7 1-0

[Event "1st 4NCL International Open"]
[Site "Telford"]
[Date "2018.11.04"]
[Round "8"]
[White "Hill, Alistair"]
[Black "Stepanyan, Henrik"]
[Result "1-0"]
[ECO "E17"]
[WhiteElo "2204"]
[BlackElo "2158"]
[Annotator "NA"]
[PlyCount "141"]
[EventDate "2018.10.31"]
[EventType "swiss"]
[EventCountry "GBR"]
[SourceTitle "playchess.com"]
[Source "ChessBase"]
[SourceQuality "1"]
[TimeControl "5400+30"]

1. Nf3 Nf6 2. c4 e6 3. g3 d5 4. Bg2 Be7 5. O-O O-O 6. b3 a5 7. Nc3 b6 8. cxd5 exd5 9. d4 Bb7 10. Bb2 Nbd7 11. Rc1 Re8 12. Qc2 Bb4 13. e3 Rc8 14. Rfd1 Qe7 15. Qb1 h6 16. Bh3 Bxc3 17. Rxc3 Ne4 18. Rc2 c6 19. Qc1 Rc7 20. Bg2 Qe6 21. a4 Ba8 22. Ba3 Rec8 23. Nd2 Ndf6 24. Nxe4 dxe4 25. Rc4 Qd5 26. Qc2 Re8 27. Rb1 Bb7 28. b4 axb4 29. Rcxb4 Nd7 30. Rc1 Ba6 31. h4 Rcc8 32. Bh3 Bd3 33. Qb3 Rcd8 34. Qxd5 cxd5 35. Rc7 Nf6 36. Rxb6 Ra8 37. Rbb7 Rxa4 38. Bd6 Ba6 39. Ra7 Bb5 40. Rxf7 Rxa7 41. Rxa7 Be2 42. Rb7 Ra8 43. Rb8+ Rxb8 44. Be6+ Kh7 45. Bxb8 Bc4 46. Be5 Kg6 47. Bxf6 Kxf6 48. Bh3 Ke7 49. f3 exf3 50. Kf2 Kf6 51. Kxf3 Bd3 52. Bd7 g5 53. hxg5+ Kxg5 54. Kf2 h5 55. Bc6 Be4 56. Bb5 h4 57. gxh4+ Kxh4 58. Be2 Bc2 59. Bf3 Bb3 60. Ke2 Kg5 61. Kd2 Kf5 62. Kc3 Ba2 63. Kb4 Ke6 64. Kc5 Bb3 65. Bg4+ Ke7 66. Bf5 Kf6 67. Bh7 Kg7 68. Bd3 Kf6 69. Kd6 Bc4 70. Bc2 Ba2 71. Bd1 1-0

[Event "1st 4NCL International Open"]
[Site "Telford"]
[Date "2018.11.04"]
[Round "8"]
[White "Mason, Donald J"]
[Black "Gourlay, Iain"]
[Result "0-1"]
[ECO "B49"]
[WhiteElo "2165"]
[BlackElo "2358"]
[Annotator "NA"]
[PlyCount "63"]
[EventDate "2018.10.31"]
[EventType "swiss"]
[EventCountry "GBR"]
[SourceTitle "playchess.com"]
[Source "ChessBase"]
[SourceQuality "1"]
[TimeControl "5400+30"]

1. e4 c5 2. Nf3 e6 3. d4 cxd4 4. Nxd4 Nc6 5. Nc3 Qc7 6. Be3 a6 7. Be2 Nf6 8. O-O Bb4 9. Nxc6 bxc6 10. f4 O-O 11. e5 Nd5 12. Nxd5 cxd5 13. c3 Be7 14. Bd3 d6 15. Qh5 g6 16. Qh6 Re8 17. Bd4 Bf8 18. exd6 Qxd6 19. Qh4 Bg7 20. Rae1 Bxd4+ 21. cxd4 Bd7 22. Re3 Qb4 23. Qf6 Bb5 24. Bxb5 axb5 25. Rb3 Qd2 26. Rf2 Qe1+ 27. Rf1 Qe4 28. Qe5 Qc2 29. Rxb5 Rxa2 30. Rb8 Ra8 31. Rxe8+ Rxe8 32. f5 0-1

[Event "1st 4NCL International Open"]
[Site "Telford"]
[Date "2018.11.04"]
[Round "8"]
[White "Ferrington, Nigel M"]
[Black "Guha, Chirag"]
[Result "1-0"]
[ECO "C01"]
[WhiteElo "2130"]
[BlackElo "1887"]
[Annotator "NA"]
[PlyCount "135"]
[EventDate "2018.10.31"]
[EventType "swiss"]
[EventCountry "GBR"]
[SourceTitle "playchess.com"]
[Source "ChessBase"]
[SourceQuality "1"]
[TimeControl "5400+30"]

1. c4 e6 2. e4 d5 3. exd5 exd5 4. d4 c6 5. Nc3 Nf6 6. Bd3 Be7 7. Nge2 O-O 8. O-O Bg4 9. f3 Be6 10. Nf4 Bd6 11. Nxe6 fxe6 12. Bg5 Qc7 13. f4 h6 14. Bxf6 Rxf6 15. g3 Nd7 16. c5 Be7 17. b4 b6 18. Bc2 Nf8 19. Qd3 Rb8 20. Nb1 Kf7 21. Nd2 Ke8 22. Nf3 Kd8 23. Ne5 Kc8 24. cxb6 Rxb6 25. Ba4 Rxb4 26. Qa6+ Qb7 27. Qxb7+ Kxb7 28. Rab1 Kc7 29. Rxb4 Bxb4 30. Nxc6 Bd6 31. Nxa7 Ng6 32. Rb1 Bxf4 33. gxf4 Rxf4 34. Nb5+ Kd8 35. Bd1 Ne7 36. Be2 Nc6 37. Rd1 Kc8 38. Kg2 Kd7 39. a4 Kc8 40. Rf1 Rh4 41. Rf8+ Kb7 42. Rf7+ Kb6 43. Rxg7 Nxd4 44. Nxd4 Rxd4 45. Bb5 Re4 46. Kf3 Kc5 47. Rh7 Rh4 48. Kg3 Rh5 49. h4 d4 50. Kg4 Rd5 51. Rxh6 e5 52. Kf5 d3 53. Bxd3 Rxd3 54. Kxe5 Ra3 55. h5 Rxa4 56. Rf6 Rh4 57. h6 Rh5+ 58. Ke6 Kc6 59. Kf7+ Kd7 60. Kg6 Ke7 61. Rf7+ Ke8 62. Ra7 Rh1 63. h7 Rg1+ 64. Kf5 Rf1+ 65. Kg4 Rg1+ 66. Kf3 Rf1+ 67. Kg2 Rf8 68. Ra8+ {[%emt 0:00:06] Kd8 [%emt 00:01:04]} 1-0

[Event "1st 4NCL International Open"]
[Site "Telford"]
[Date "2018.11.04"]
[Round "8"]
[White "Munshi, Aditya"]
[Black "Clark, Robert G"]
[Result "0-1"]
[ECO "C06"]
[WhiteElo "2117"]
[BlackElo "2032"]
[Annotator "NA"]
[PlyCount "104"]
[EventDate "2018.10.31"]
[EventType "swiss"]
[EventCountry "GBR"]
[SourceTitle "playchess.com"]
[Source "ChessBase"]
[SourceQuality "1"]
[TimeControl "5400+30"]

1. e4 e6 2. d4 d5 3. Nd2 Nf6 4. e5 Nfd7 5. Bd3 c5 6. c3 Nc6 7. Ne2 cxd4 8. cxd4 f6 9. exf6 Nxf6 10. Nf3 Bd6 11. O-O O-O 12. Bf4 Bxf4 13. Nxf4 Ne4 14. Qc1 Qf6 15. Nh5 Qg6 16. Ng3 Nxg3 17. Bxg6 Ne2+ 18. Kh1 Nxc1 19. Bxh7+ Kxh7 20. Raxc1 Bd7 21. Rfe1 Rac8 22. Kg1 Kg8 23. Rc3 Rf4 24. g3 Re4 25. Rxe4 dxe4 26. Ng5 Nxd4 27. Rxc8+ Bxc8 28. Nxe4 Bd7 29. Nc5 Bc6 30. h4 Bd5 31. a3 Kf7 32. Kf1 Ke7 33. Ke1 Nf3+ 34. Ke2 b6 35. Nd3 Bc4 36. Kxf3 Bxd3 37. Ke3 Bb1 38. f4 Bc2 39. Kd4 Kd6 40. g4 Bd1 41. g5 Bg4 42. a4 Bd1 43. a5 bxa5 44. Kc4 a4 45. Kd4 Bg4 46. Ke4 g6 47. Kd4 Bf5 48. Kc4 e5 49. fxe5+ Kxe5 50. Kb4 Kf4 51. Kxa4 Kg4 52. Ka5 Bd3 0-1

[Event "1st 4NCL International Open"]
[Site "Telford"]
[Date "2018.11.04"]
[Round "8"]
[White "White, Stuart A"]
[Black "Britton, Richard L"]
[Result "1/2-1/2"]
[ECO "E62"]
[WhiteElo "2113"]
[BlackElo "2204"]
[Annotator "NA"]
[PlyCount "100"]
[EventDate "2018.10.31"]
[EventType "swiss"]
[EventCountry "GBR"]
[SourceTitle "playchess.com"]
[Source "ChessBase"]
[SourceQuality "1"]
[TimeControl "5400+30"]

1. d4 Nf6 2. c4 g6 3. Nf3 Bg7 4. g3 O-O 5. Bg2 d6 6. Nc3 Nc6 7. O-O e5 8. dxe5 dxe5 9. Bg5 Be6 10. Qc1 Qc8 11. Rd1 Nd7 12. b3 f6 13. Bh6 Rf7 14. Bxg7 Kxg7 15. Qa3 Qf8 16. Qxf8+ Raxf8 17. Nd2 Ndb8 18. Nde4 b6 19. Nd5 h6 20. Nec3 Nd8 21. Rd2 c6 22. Nb4 Rd7 23. Rxd7+ Bxd7 24. Rd1 Be6 25. Rd6 Kf7 26. Kf1 Ke7 27. Rd2 g5 28. Nd3 Nf7 29. Ke1 f5 30. f4 gxf4 31. gxf4 e4 32. Nb4 Rg8 33. e3 a5 34. Nc2 Na6 35. Kf2 Nc5 36. Bf1 h5 37. Nd4 Bd7 38. a3 Nh6 39. h3 h4 40. b4 Nd3+ 41. Bxd3 exd3 42. Nf3 Rg3 43. Rxd3 Rxh3 44. Ne2 Rh1 45. Kg2 Ra1 46. Nxh4 axb4 47. axb4 Ra2 48. Kf1 Ra1+ 49. Kg2 Ra2 50. Kf1 Ra1+ 1/2-1/2

[Event "1st 4NCL International Open"]
[Site "Telford"]
[Date "2018.11.04"]
[Round "8"]
[White "Jamieson, Ian"]
[Black "Ther, Mate"]
[Result "1/2-1/2"]
[ECO "A00"]
[WhiteElo "1947"]
[BlackElo "1755"]
[Annotator "NA"]
[PlyCount "35"]
[EventDate "2018.10.31"]
[EventType "swiss"]
[EventCountry "GBR"]
[SourceTitle "playchess.com"]
[Source "ChessBase"]
[SourceQuality "1"]
[TimeControl "5400+30"]

1. b4 e5 2. Bb2 d6 3. c4 f5 4. e3 Nf6 5. d4 e4 6. Ne2 Be7 7. b5 Be6 8. Nf4 Bf7 9. h4 Nbd7 10. Be2 a6 11. a4 axb5 12. axb5 Nb6 13. Rxa8 Qxa8 14. Qb3 O-O 15. Nc3 c6 16. O-O Rc8 17. Rc1 c5 18. d5 1/2-1/2

[Event "1st 4NCL International Open"]
[Site "Telford"]
[Date "2018.11.04"]
[Round "8"]
[White "Gibson, Christopher A"]
[Black "Rahulan, Thivyaa"]
[Result "1/2-1/2"]
[ECO "C11"]
[WhiteElo "1924"]
[BlackElo "1868"]
[Annotator "NA"]
[PlyCount "44"]
[EventDate "2018.10.31"]
[EventType "swiss"]
[EventCountry "GBR"]
[SourceTitle "playchess.com"]
[Source "ChessBase"]
[SourceQuality "1"]
[TimeControl "5400+30"]

1. e4 e6 2. d4 d5 3. Nc3 Nf6 4. e5 Nfd7 5. f4 c5 6. Nf3 Nc6 7. Be3 a6 8. Qd2 b5 9. dxc5 Bxc5 10. Bd3 Bb7 11. Bf2 Qb6 12. a3 Rc8 13. O-O Na5 14. b4 Bxf2+ 15. Qxf2 Qxf2+ 16. Rxf2 Rxc3 17. bxa5 Nc5 18. Rd2 Ke7 19. Nd4 Na4 20. Kf2 Rhc8 21. Ra2 h6 22. g3 R3c7 1/2-1/2

[Event "1st 4NCL International Open"]
[Site "Telford"]
[Date "2018.11.04"]
[Round "8"]
[White "Paul, Nathanael"]
[Black "Jukes, Sam"]
[Result "1-0"]
[ECO "C90"]
[WhiteElo "1890"]
[BlackElo "1880"]
[Annotator "NA"]
[PlyCount "73"]
[EventDate "2018.10.31"]
[EventType "swiss"]
[EventCountry "GBR"]
[SourceTitle "playchess.com"]
[Source "ChessBase"]
[SourceQuality "1"]
[TimeControl "5400+30"]

1. e4 e5 2. Nf3 Nc6 3. Bb5 a6 4. Ba4 Nf6 5. d3 b5 6. Bb3 Bb7 7. O-O Be7 8. Re1 O-O 9. Nbd2 d6 10. c3 Na5 11. Bc2 c5 12. Nf1 Nc6 13. Ng3 Re8 14. d4 Bf8 15. d5 Ne7 16. h4 h6 17. h5 Bc8 18. Nh4 Bg4 19. f3 Bxh5 20. Ngf5 Bg6 21. g4 Bxf5 22. gxf5 Nh7 23. Ng2 Kh8 24. Kf2 Ng8 25. Rh1 Ngf6 26. Be3 a5 27. Qd2 a4 28. Bd3 Qa5 29. Be2 c4 30. a3 Nd7 31. Rh2 Nc5 32. Rah1 Nf6 33. Bxh6 Ncxe4+ 34. fxe4 Nxe4+ 35. Ke1 f6 36. Qe3 gxh6 37. Rxh6+ 1-0

[Event "1st 4NCL International Open"]
[Site "Telford"]
[Date "2018.11.04"]
[Round "8"]
[White "Akeya-Price, Robert"]
[Black "Zabrocki, Philip Am"]
[Result "1/2-1/2"]
[ECO "D01"]
[WhiteElo "1773"]
[BlackElo "1952"]
[Annotator "NA"]
[PlyCount "34"]
[EventDate "2018.10.31"]
[EventType "swiss"]
[EventCountry "GBR"]
[SourceTitle "playchess.com"]
[Source "ChessBase"]
[SourceQuality "1"]
[TimeControl "5400+30"]

1. d4 Nf6 2. Nc3 d5 3. Bg5 Nbd7 4. e3 c6 5. Nf3 g6 6. Bd3 Bg7 7. O-O O-O 8. e4 h6 9. Bxf6 Nxf6 10. e5 Ne8 11. h3 Be6 12. Ne2 g5 13. Nd2 f5 14. f4 Bd7 15. c4 e6 16. Nf3 dxc4 17. Bxc4 Nc7 1/2-1/2

[Event "1st 4NCL International Open"]
[Site "Telford"]
[Date "2018.11.04"]
[Round "8"]
[White "Ross, Stuart"]
[Black "Bennett, Dominic L"]
[Result "1/2-1/2"]
[ECO "B94"]
[WhiteElo "1612"]
[BlackElo "1924"]
[Annotator "NA"]
[PlyCount "50"]
[EventDate "2018.10.31"]
[EventType "swiss"]
[EventCountry "GBR"]
[SourceTitle "playchess.com"]
[Source "ChessBase"]
[SourceQuality "1"]
[TimeControl "5400+30"]

1. e4 c5 2. Nf3 d6 3. d4 cxd4 4. Nxd4 Nf6 5. Nc3 a6 6. Bg5 Nbd7 7. f4 Qc7 8. Qf3 h6 9. Bh4 g5 10. fxg5 hxg5 11. Bg3 Ne5 12. Bxe5 dxe5 13. Nf5 Bh6 14. g4 Be6 15. O-O-O Rc8 16. Kb1 Kf8 17. Bd3 b5 18. Nd5 Nxd5 19. exd5 Bxf5 20. Bxf5 Rd8 21. Be6 Rh7 22. Rhf1 Rd6 23. Qf5 Rg7 24. Qxe5 Kg8 25. Bf5 Qd8 1/2-1/2

[Event "1st 4NCL International Open"]
[Site "Telford"]
[Date "2018.11.04"]
[Round "9"]
[White "Arkell, Keith C"]
[Black "Rahul Srivatshav P"]
[Result "1-0"]
[ECO "E63"]
[WhiteElo "2436"]
[BlackElo "2395"]
[Annotator "RC"]
[PlyCount "100"]
[EventDate "2018.10.31"]
[EventType "swiss"]
[EventCountry "GBR"]
[SourceTitle "playchess.com"]
[Source "ChessBase"]
[SourceQuality "1"]
[TimeControl "5400+30"]

1. d4 Nf6 2. Nf3 g6 3. c4 Bg7 4. g3 O-O 5. Bg2 d6 6. O-O Nc6 7. Nc3 a6 8. h3 Bd7 9. e4 e5 10. Be3 Re8 11. d5 Na5 12. Nd2 b5 13. c5 dxc5 14. Bxc5 Nb7 15. Be3 c6 16. a3 Rc8 17. Qe2 Nd6 18. dxc6 Bxc6 19. Rfd1 Qc7 20. Rac1 Qb8 21. b4 h6 22. Bc5 Nb7 23. Nb3 Nxc5 24. Nxc5 Bf8 25. Nd5 Bxd5 26. exd5 Kg7 27. Nxa6 Qb6 28. Rxc8 Rxc8 29. Nc5 Bxc5 30. bxc5 Qxc5 31. Qxe5 Ra8 32. Qb2 Qxa3 33. Qxb5 Rc8 34. d6 Rc1 35. Qf1 Rxd1 36. Qxd1 Nd7 37. Qd4+ Kg8 38. h4 Qa5 39. Bf3 Qc5 40. Qd2 h5 41. Bd1 Kh7 42. Qf4 Qd5 43. Bf3 Qe6 44. Qd4 Kg8 45. Bd5 Qg4 46. Qd2 Ne5 47. Kg2 Qd7 48. Qb4 Qf5 49. Qd4 Nd7 50. Bc6 Ne5 1-0

[Event "1st 4NCL International Open"]
[Site "Telford"]
[Date "2018.11.04"]
[Round "9"]
[White "Guha, Chirag"]
[Black "Gibson, Christopher A"]
[Result "1-0"]
[ECO "E66"]
[WhiteElo "1887"]
[BlackElo "1924"]
[Annotator "NA"]
[PlyCount "23"]
[EventDate "2018.10.31"]
[EventType "swiss"]
[EventCountry "GBR"]
[SourceTitle "playchess.com"]
[Source "ChessBase"]
[SourceQuality "1"]
[TimeControl "5400+30"]

1. d4 Nf6 2. c4 g6 3. g3 Bg7 4. Bg2 O-O 5. Nf3 d6 6. O-O Nc6 7. Nc3 a6 8. d5 Na5 9. Nd2 c5 10. Qc2 Rb8 11. b3 b5 12. Bb2 1-0

[Event "1st 4NCL International Open"]
[Site "Telford"]
[Date "2018.11.04"]
[Round "9"]
[White "Jukes, Sam"]
[Black "Ross, Stuart"]
[Result "1-0"]
[ECO "B53"]
[WhiteElo "1863"]
[BlackElo "1608"]
[Annotator "NA RC"]
[PlyCount "79"]
[EventDate "2018.10.31"]
[EventType "swiss"]
[EventCountry "GBR"]
[SourceTitle "playchess.com"]
[Source "ChessBase"]
[SourceQuality "1"]
[TimeControl "5400+30"]

1. e4 c5 2. Nf3 d6 3. d4 cxd4 4. Qxd4 Nc6 5. Bb5 Bd7 6. Bxc6 Bxc6 7. Nc3 Nf6 8. Bg5 e6 9. O-O-O Be7 10. Rhe1 O-O {LiveBook: 723 Games} 11. Kb1 d5 {B53: Sicilian: 2...d6: Lines with Qxd4} (11... h6 $11 12. Bh4 a6 (12... b5 13. Bxf6 Bxf6 14. Qxd6 Qb6 15. e5 Rfd8 16. Qb4 a5 17. Qf4 Be7 18. Ne4 Bxe4 19. Qxe4 Bc5 20. Rd3 Rxd3 21. cxd3 {½-½ (60) Zhigalko,S (2641)-Saric,I (2669) Riadh 2017})) 12. e5 Ne8 $146 ({Predecessor:} 12... Nd7 13. h4 h6 14. Bxe7 Qxe7 15. Re3 Qc5 16. Qg4 Nb6 17. Nd4 Kh7 18. f4 Nc4 19. Rg3 {1-0 (48) Nguyen,V (2341)-Tran,L (2005) Ho Chi Minh City 2014}) 13. Qg4 Bxg5 14. Nxg5 h6 15. h4 Qe7 16. Rh1 g6 (16... Nc7 $11) 17. Qh3 Kg7 18. f4 Rh8 19. Nf3 Nc7 (19... h5 $16) 20. g4 Nb5 21. Nxb5 Bxb5 22. f5 exf5 23. gxf5 gxf5 24. Rhg1+ Kf8 25. Qxf5 Bd7 26. Qf4 Be6 27. Rg6 Ke8 28. Rxh6 Kd7 29. Rf6 Raf8 30. Qa4+ Kc7 31. Nd4 (31. Qxa7 $18 {and White stays clearly on top.} Ra8 32. Qf2) 31... Bd7 $2 (31... Kb8 32. Rdf1 Bd7) 32. Qxa7 Qxe5 $18 (32... Ra8 33. Nb5+ Bxb5 34. Qb6+ Kb8) 33. Rb6 Rb8 34. Nb5+ Bxb5 35. Rxb5 Qe2 36. Rc5+ Kd7 37. Rcxd5+ Ke7 38. Qc5+ Kf6 39. Rf5+ Kg6 40. Rg1+ 1-0

[Event "1st 4NCL International Open"]
[Site "Telford"]
[Date "2018.11.04"]
[Round "9"]
[White "Ther, Mate"]
[Black "Akeya-Price, Robert"]
[Result "1/2-1/2"]
[ECO "B13"]
[WhiteElo "1759"]
[BlackElo "1730"]
[Annotator "NA"]
[PlyCount "38"]
[EventDate "2018.10.31"]
[EventType "swiss"]
[EventCountry "GBR"]
[SourceTitle "playchess.com"]
[Source "ChessBase"]
[SourceQuality "1"]
[TimeControl "5400+30"]

1. e4 c6 2. d4 d5 3. exd5 cxd5 4. Bd3 Nc6 5. c3 Qc7 6. Ne2 Bg4 7. f3 Bh5 8. Bf4 Qd7 9. Nd2 e6 10. Nb3 Nf6 11. O-O Bg6 12. Re1 Bd6 13. Bg3 O-O 14. Nc5 Bxc5 15. dxc5 e5 16. Bxg6 hxg6 17. Nc1 Rfe8 18. Nd3 e4 19. Nf4 g5 1/2-1/2